 Dungeon Crawl Stone Soup version 0.24.0-123-gd5b16e6ec5 (webtiles) character file.

Game seed: 9747865729043123856, levelgen mode: deterministic

37 Descartes the Grasshopper (level 3, -2/16 HPs)
             Began as a Felid Warper on Dec 28, 2019.
             Slain by a phantom (4 damage)
             ... on level 1 of the Dungeon.
             The game lasted 00:07:10 (2607 turns).

Descartes the Grasshopper (Felid Warper)            Turns: 2607, Time: 00:07:10

Health: -2/16      AC:  1    Str:  8    XL:     3   Next: 23%
Magic:  7/7        EV: 18    Int: 14    God:
Gold:   58         SH:  0    Dex: 15    Spells: 2/6 levels left
                                        Lives:  0   Deaths: 0

rFire    . . .     SeeInvis +     - Unarmed
rCold    . . .     Gourm    .   (shield unavailable)
rNeg     . . .     Faith    .   (armour unavailable)
rPois    .         Spirit   .   (helmet unavailable)
rElec    .         Reflect  .   (cloak unavailable)
rCorr    .         Harm     .   (gloves unavailable)
MR       +....                  (boots unavailable)
Stlth    ++........             (no amulet)
HPRegen  0.05/turn              a - ring of protection from magic
MPRegen  0.10/turn              (no ring)

@: quick
A: very small, no armour, no weapons or thrown items, stealth, claws 1, fangs 3,
see invisible, carnivore, speed 1, shaggy fur 1, slow metabolism 1, sharp paws
a: no special abilities


You were on level 1 of the Dungeon.
You were completely stuffed.

You visited 1 branch of the dungeon, and saw 2 of its levels.

You collected 58 gold pieces.

Inventory:

Missiles
 d - 67 stones
Jewellery
 a - a ring of protection from magic (left paw)
Scrolls
 b - a scroll of blinking
 e - a scroll of random uselessness {unknown}
 f - a scroll of remove curse {unknown}
 h - a scroll of identify {unknown}
 j - a scroll of teleportation {unknown}
Potions
 g - 2 potions of degeneration {unknown}
Comestibles
 c - 4 rations
 i - a chunk of flesh


   Skills:
 + Level 2.2 Fighting
 + Level 3.4 Dodging
 * Level 2.0 Stealth
 * Level 2.5 Unarmed Combat
 + Level 2.2 Spellcasting
 + Level 0.4 Charms
 + Level 4.4 Translocations


You had 2 spell levels left.
You knew the following spells:

 Your Spells              Type           Power        Failure   Level  Hunger
a - Blink                 Tloc           N/A          5%          2    ###....
b - Shroud of Golubria    Chrm/Tloc      #.....       13%         2    ###....

Your spell library contained the following spells:

 Spells                   Type           Power        Failure   Level  Hunger
 Gell's Gravitas          Tloc           ##........   11%         3    ###....
 Lesser Beckoning         Tloc           ##........   11%         3    ###....
 Teleport Other           Tloc           ##......     11%         3    ###....
 Passage of Golubria      Tloc           N/A          36%         4    #####..


Dungeon Overview and Level Annotations

Branches:
Dungeon (2/15)

Altars:


Innate Abilities, Weirdness & Mutations

You cannot wear armour.
You are incapable of wielding weapons or throwing items.
Your paws allow you to move quietly. (Stealth)
You have sharp claws.
You have razor-sharp teeth.
You have supernaturally acute eyesight. (SInv)
You are carnivorous and can eat meat at any time.
You cover ground quickly.
You are covered in fur. (AC +1)
You have a slow metabolism.
Your sharp claws are effective at attacking unaware monsters.


Message History

The phantom blinks!
You start resting.
The phantom is too close now for your liking.
You climb downwards.
The bat hits you but does no damage. The ooze barely misses you.
There is a stone staircase leading up here.
The frilled lizard hisses angrily.
You scratch the ooze but do no damage. You bite the ooze.
The ooze is lightly wounded.
The bat closely misses you. The ooze hits you.
* * * LOW HITPOINT WARNING * * *
The bat misses you. The ooze misses you.
You climb upwards.
The phantom barely misses you.
There is a stone staircase leading down, spattered with blood here.
You closely miss the phantom.
The phantom is moderately damaged.
The ooze hits you.
* * * LOW HITPOINT WARNING * * *
The phantom hits you.
You die...

#..#.#,*
##.#.#,*
#...#,*
##..#,*
#..#,*
##.#,*
#.#,#
#W#.#
#@J.#
#####


You could see a phantom and an ooze.

Vanquished Creatures
  An ooze (D:2)
  A dart slug (D:1)
  A leopard gecko (D:1)
  2 bats
  2 giant cockroaches (D:1)
  5 goblins
  4 hobgoblins (D:1)
  3 jackals (D:1)
  4 kobolds
  A ball python (D:1)
  3 frilled lizards
27 creatures vanquished.

Notes
Turn   | Place    | Note
-------+----------+-------------------------------------------
     0 | D:1      | Descartes the Felid Warper began the quest for the Orb.
     0 | D:1      | Reached XP level 1. HP: 9/9 MP: 4/4
   238 | D:1      | Reached skill level 1 in Stealth
   480 | D:1      | Reached XP level 2. HP: 13/13 MP: 6/6
  1294 | D:1      | Learned a level 2 spell: Blink
  1297 | D:1      | Learned a level 2 spell: Shroud of Golubria
  1470 | D:2      | Reached XP level 3. HP: 8/16 MP: 7/7
  1570 | D:2      | Noticed a phantom
  2607 | D:1      | Slain by a phantom

Levels and vault maps discovered:
D:1:      nicolae_arrival_memento_mori, layout_basic
D:2:      layout_rooms, uniq_jessica

Skill      XL: |  1  2 |
---------------+-------+-----
Stealth        | 1 2 |  2.0
Fighting       | |  2.2
Dodging        | |  3.4
Unarmed Combat | |  2.5
Spellcasting   | |  2.2
Charms         | |  0.4
Translocations | |  4.4

Action                   || total
-------------------------++-------
Melee: Unarmed           ||   107
       Bite              ||    10
       Punch             ||     1
 Stab: Sleeping          ||     2
  Eat: Chunk             ||    11
Armor: Skin              ||     4
Dodge: Dodged            ||    98
